 Dungeon Crawl Stone Soup version 0.14.2 (webtiles) character file.

1116 peterlawrence the Basher (level 7, -2/59 HPs)
             Began as a Minotaur Fighter on Oct 23, 2023.
             Was a Follower of Okawaru.
             Slain by a hill giant skeleton (16 damage)
             ... on Level 5 of the Dungeon.
             The game lasted 00:10:12 (4168 turns).

peterlawrence the Basher (Minotaur Fighter)         Turns: 4168, Time: 00:10:12

HP  -2/59        AC 14     Str 21      XL: 7   Next: 76%
MP   3/3         EV  7     Int  5      God: Okawaru [*.....]
Gold 234         SH 20     Dex 11      Spells:  0 memorised,  6 levels left

rFire  . . .     SeeInvis .     v - +0 flail (protect)
rCold  . . .     Clarity  .     b - +0 scale mail
rNeg   . . .     Conserve .     c - +1 shield
rPois  .         rCorr    .     (helmet restricted)
rElec  .         rRot     .     (no cloak)
SustAb . .       Spirit   .     k - +0 pair of gloves
rMut   .         Warding  .     t - +0 pair of boots
Saprov . . .     Stasis   .     h - amulet of faith
MR     +....                    (no ring)
                                w - ring of protection from magic

@: somewhat resistant to hostile enchantments, extremely unstealthy
A: retaliatory headbutt, horns 2
a: Heroism, Renounce Religion


You were on level 5 of the Dungeon.
You worshipped Okawaru.
Okawaru was aware of your devotion.
You were hungry.

You visited 2 branches of the dungeon, and saw 6 of its levels.
You also visited: Sewer.

You collected 234 gold pieces.

Inventory:

Hand weapons
 a - a +0,+0 flail
 u - a +2,+2 war axe of draining
 v - a +0,+0 flail of protection (weapon)
Armour
 b - a +0 scale mail (worn)
 c - a +1 shield (worn)
 k - a +0 pair of gloves (worn)
 t - a +0 pair of boots (worn)
Magical devices
 l - a wand of slowing (11)
Comestibles
 d - 4 bread rations
 p - 3 meat rations
 x - an apple
 z - a rotting chunk of worm flesh
 A - 3 chunks of hobgoblin flesh
 B - a banana
Scrolls
 f - 4 scrolls of remove curse
 j - a scroll of fear
 n - 2 scrolls of teleportation
 o - 2 scrolls of identify
 y - a scroll of blinking
Jewellery
 h - an amulet of faith (around neck)
 w - a ring of protection from magic (left hand)
Potions
 e - 4 potions of might
 g - a potion of agility
 i - a potion of haste {unknown}
 m - a potion of poison {unknown}
 q - 2 potions of flight
 r - a potion of heal wounds
 s - 2 potions of invisibility


   Skills:
 - Level 4.1 Fighting
 - Level 4.3 Axes
 + Level 9.2 Maces & Flails
 - Level 4.4 Armour
 - Level 1.3 Dodging
 - Level 0.1 Stealth
 - Level 4.4 Shields


You had 6 spell levels left.
You didn't know any spells.

Dungeon Overview and Level Annotations

Branches:
Dungeon (5/15)             Temple (1/1) D:4

Altars:
Ashenzari
Makhleb
Okawaru
Sif Muna
Xom
Yredelemnul
The Shining One


Innate Abilities, Weirdness & Mutations

You reflexively headbutt those who attack you in melee.
You have a pair of horns on your head.


Message History

You headbutt the phantom. You hit the phantom.
You destroy the phantom!
Okawaru accepts your kill.
You can now gain great but temporary skills.
Your Maces & Flails skill increases to level 9!
No target in view!
No target in view!
A hill giant skeleton comes into view.
A hill giant skeleton is nearby!
You hit the hill giant skeleton. You headbutt the hill giant skeleton.
You hit the hill giant skeleton. The hill giant skeleton hits you!
You thump the hill giant skeleton! The hill giant skeleton hits you!
You completely miss the hill giant skeleton.
The hill giant skeleton hits you!
* * * LOW HITPOINT WARNING * * *
You are too injured to fight recklessly!
You are too injured to fight recklessly!
You hit the hill giant skeleton. The hill giant skeleton hits you!
You die...

##....#####.........#
#.......##....#....##
###......##...#...%(#
##......#...###.%.##
####...#...# #....#
##....#...# ##...#
####....##...###..^.#
#..)...####..#......#
##..))..#..####@...###
#.....###....#Z....#
##>..###..........###
#....###....%....##
.....##....##....#
...####...########
...###......#..
..##...........#
.##.....#......#


You could see a hill giant skeleton.

Vanquished Creatures
  A phantom (D:5)
  An ogre (D:5)
  3 big kobolds (Sewer)
  2 crimson imps (D:5)
  2 orc priests (D:5)
  3 worker ants
  Ijyb (D:3)
  3 green rats (Sewer)
  10 adders
  4 worms
  2 giant mites
  An iguana skeleton (D:4)
  A giant eyeball (D:4)
  5 giant geckos
  5 oozes
  8 orcs
  6 giant cockroaches
  22 goblins
  13 hobgoblins
  12 jackals
  10 kobolds
  5 ball pythons
  15 bats
  5 giant newts
  9 rats
  A rat zombie (D:5)
150 creatures vanquished.

Vanquished Creatures (others)
  An orc (D:3)
1 creature vanquished.

Grand Total: 151 creatures vanquished

Notes
Turn   | Place    | Note
--------------------------------------------------------------
     0 | D:1      | peterlawrence, the Minotaur Fighter, began the quest for the Orb.
     0 | D:1      | Reached XP level 1. HP: 19/19 MP: 1/1
    95 | D:1      | Reached XP level 2. HP: 25/27 MP: 1/1
   122 | D:1      | Reached skill level 4 in Armour
   618 | D:1      | Reached XP level 3. HP: 31/33 MP: 2/2
  1235 | D:2      | Reached XP level 4. HP: 25/40 MP: 2/2
  1248 | D:2      | Reached skill level 1 in Dodging
  2070 | D:3      | Noticed Ijyb
  2084 | D:3      | Killed Ijyb
  2084 | D:3      | Reached XP level 5. HP: 41/46 MP: 2/2
  2529 | D:3      | Found a shimmering altar of Xom.
  2633 | D:4      | Found a glowing drain.
  2642 | D:4      | Reached skill level 5 in Maces & Flails
  2656 | Sewer    | Entered a sewer
  2868 | Sewer    | Reached skill level 6 in Maces & Flails
  2868 | Sewer    | Reached XP level 6. HP: 39/52 MP: 3/3
  3029 | Sewer    | Reached skill level 7 in Maces & Flails
  3291 | D:4      | Found a shattered altar of Ashenzari.
  3425 | D:4      | Found a staircase to the Ecumenical Temple.
  3449 | Temple   | Entered the Ecumenical Temple
  3462 | Temple   | Became a worshipper of Warmaster Okawaru
  3612 | D:4      | Reached XP level 7. HP: 59/59 MP: 3/3
  3741 | D:5      | Entered Level 5 of the Dungeon
  3809 | D:5      | Found a glowing golden altar of the Shining One.
  3855 | D:5      | Reached skill level 8 in Maces & Flails
  4153 | D:5      | Acquired Okawaru's first power
  4153 | D:5      | Reached skill level 9 in Maces & Flails
  4168 | D:5      | Slain by a hill giant skeleton

Action                   |  1- 3 |  4- 6 |  7- 9 || total
-------------------------+-------+-------+-------++-------
Melee: Flail             |   112 |   306 |    70 ||   488
       War axe           |       |     2 |    18 ||    20
Evoke: Wand              |     1 |       |       ||     1
  Use: Scroll            |       |     7 |     4 ||    11
